 Dungeon Crawl Stone Soup version 0.26-a0-652-gafc20e3620 (webtiles) character file.

Game seed: 5184840206703331596

28 jasper the Poker (level 3, -6/29 HPs)
             Began as a Demonspawn Abyssal Knight on Oct 1, 2020.
             Was a Follower of Lugonu.
             Killed by nerve-wracking pain
             ... invoked by Grinder
              (12 damage)
             ... on level 3 of the Dungeon.
             The game lasted 00:01:37 (2114 turns).

jasper the Poker (Demonspawn Abyssal Knight)        Turns: 2114, Time: 00:01:38

Health: -6/29      AC:  7    Str: 13    XL:     3   Next: 0%
Magic:  4/4        EV: 10    Int: 13    God:    Lugonu [*.....]
Gold:   93         SH:  0    Dex: 12    Spells: 1/2 levels left

rFire    . . .     SeeInvis .   a - +1 spear
rCold    . . .     Faith    .   (no shield)
rNeg     . . .     Spirit   .   e - +0 ring mail
rPois    .         Reflect  .   (no helmet)
rElec    .         Harm     .   (no cloak)
rCorr    .         Rampage  .   (no gloves)
MR       .....                  (no boots)
Stlth    +.........             (no amulet)
HPRegen  0.09/turn              (no ring)
MPRegen  0.09/turn              (no ring)

@: flying
A: slimy green scales 1, spiny 1
a: Depart the Abyss, Renounce Religion


You were on level 3 of the Dungeon.
You worshipped Lugonu.
Lugonu was aware of your devotion.
You visited 1 branch of the dungeon, and saw 3 of its levels.
You visited the Abyss 1 time.

You collected 93 gold pieces.

Inventory:

Hand Weapons
 a - a +1 spear (weapon)
Missiles
 c - 80 stones (quivered)
 g - 39 poisoned darts
 n - 7 silver boomerangs
Armour
 b - a +0 leather armour
 e - a +0 ring mail (worn)
Scrolls
 d - 4 scrolls of identify {unknown}
 f - 2 scrolls of enchant armour {unknown}
 i - 2 scrolls of amnesia {unknown}
 j - a scroll of magic mapping {unknown}
 k - a scroll of fear {unknown}
 o - a scroll of teleportation {unknown}
Potions
 m - a potion of degeneration {unknown}


   Skills:
 - Level 3.0 Fighting
 + Level 3.2 Polearms
 - Level 1.7 Armour
 - Level 0.8 Dodging
 - Level 2.4 Invocations


You had one spell level left.
You knew the following spells:

 Your Spells              Type           Power        Failure   Level
a - Apportation           Tloc           #.....       54%         1

Your spell library contained the following spells:

 Spells                   Type           Power        Failure   Level
 Animate Skeleton         Necr           #.....       54%         1
 Corona                   Hex            #......      54%         1
 Summon Small Mammal      Summ           #...         54%         1
 Ensorcelled Hibernation  Hex/Ice        #.....       69%         2
 Confusing Touch          Hex            #.......     89%         3
 Dazzling Flash           Conj/Hex       #.....       89%         3
 Tukima's Dance           Hex            #.......     89%         3


Dungeon Overview and Level Annotations

Branches:
Dungeon (3/15)

Altars:
Trog

Annotations:
D:3 Grinder


Innate Abilities, Weirdness & Mutations

You are partially covered in slimy green scales. (AC +2)
You are partially covered in sharp spines.


Message History

You can move again.
Unknown command.
Unknown command.
You closely miss Grinder.
Grinder is severely wounded.
You hit Grinder.
Grinder is severely wounded.
Grinder hits you.
You writhe in agony.
* * * LOW HITPOINT WARNING * * *
You barely miss Grinder.
Grinder is severely wounded.
Grinder gestures at you. Pain shoots through your body!
* * * LOW HITPOINT WARNING * * *
It was a potion of flight.
You feel very buoyant.
You fly up into the air.
Grinder gestures at you. Pain shoots through your body!
You die...

### ... #.###..# #
#.#.#..##
.#.#.###.#.#....
.............###
.......@.......#
.###.###5###...#
#...#.....#
##.###.###...#
........).....#
..............########
###.###.###...'.......
#.#.#.#.#...######..
###.#.#.#.#...#####


You could see Grinder.

Vanquished Creatures
  2 worms (D:2)
  2 orcs (D:3)
  A giant cockroach (D:1)
  2 goblins
  A hobgoblin (D:1)
  3 quokkas (D:2)
  A bat (D:2)
  3 frilled lizards
  5 kobolds
  3 rats
23 creatures vanquished.

Notes
Turn   | Place    | Note
-------+----------+-------------------------------------------
     0 | Abyss:1  | jasper the Demonspawn Abyssal Knight began the quest for
                  | the Orb.
     0 | Abyss:1  | Reached XP level 1. HP: 18/18 MP: 2/2
    38 | Abyss:1  | Noticed a white draconian shifter
    39 | D:1      | Escaped the Abyss
   803 | D:1      | Gained mutation: You are partially covered in slimy green
                  | scales. (AC +2) [demonic ancestry]
   803 | D:1      | Reached XP level 2. HP: 24/24 MP: 3/3
   926 | D:2      | Reached * piety under Lugonu
   927 | D:2      | Found a bloodstained altar of Trog.
   972 | D:2      | Learned a level 1 spell: Apportation
  1583 | D:2      | HP: 1/24 [worm (7)]
  2085 | D:3      | Gained mutation: You are partially covered in sharp spines.
                  | [demonic ancestry]
  2085 | D:3      | Reached XP level 3. HP: 29/29 MP: 4/4
  2089 | D:3      | Noticed Grinder
  2090 | D:3      | Paralysed by Grinder for 5 turns
  2107 | D:3      | Paralysed by Grinder for 3 turns
  2114 | D:3      | Killed from afar by Grinder

Illustrated notes

Levels and vault maps discovered:
D:1:      dpeg_arrival_rooms_a, layout_loops_corners
D:2:      layout_loops_ring, bloody_trog
D:3:      layout_basic, nicolae_overflow_crystal_walls,
          minmay_misc_feat_nine_boxes, uniq_grinder

Skill      XL: |  1  2 |
---------------+-------+-----
Polearms       | 2 3 |  3.2
Fighting       | |  3.0
Armour         | |  1.7
Dodging        | |  0.8
Invocations    | |  2.4

Action                   || total
-------------------------++-------
Melee: Spear             ||   113
Invok: Depart the Abyss  ||     1
  Use: Potion            ||     2
Armor: Ring mail         ||    16
       Leather armour    ||     2
Dodge: Dodged            ||    32

Table legend: (Time is in decaauts)
 A = Elapsed time spent in this place.
 B = Non-inter-level travel time spent in this place.
 C = Inter-level travel time spent in this place.
 D = Time resting spent in this place.
 E = Time spent auto-exploring this place.
 F = Levels seen in this place.
 G = Mean time per level.
                   A        B        C        D        E       F      G
               +--------+--------+--------+--------+--------+-----+--------+
         Total |   2109 |   2075 |     34 |      0 |   1840 |   4 |  527.2 |
       Dungeon |   2070 |   2036 |     34 |      0 |   1802 |   3 |  690.0 |
         Abyss |     39 |     39 |      0 |      0 |     38 |   1 |   39.0 |
               +--------+--------+--------+--------+--------+-----+--------+

Top non-repeatable levels by time:
     D:2: 1091 daAuts
     D:1: 841 daAuts
     D:3: 136 daAuts
 Abyss:1: 39 daAuts
